AoeStats
← 海峡

MegaRandom

504148136Analyzed
1v1 RM · 1mo ago on Sep 4, 2026· 34m 20s· 2 players
Game mode
Random Map
Map size
Tiny (2 player)
Population
200
Speed
Normal
Resources
Standard
Victory
Conquest
Starting age
Dark Age
Ending age
Imperial Age
RankedLock teamsTeams togetherTeam positionsShared explorationLock speedFull tech treeHidden civsTurbo modeCheats
Victory
Defeat
🇨🇳 Inca · China
1796
+14
🇨🇴 Muisca · Colombia
1762
-14
PandaThicc
0:32 Loom
11:17 Feudal Age
15:13 Castle Age
13:48 Fletching
15:15 Crossbowman
16:39 Bodkin Arrow
25:39 Double-Bit Axe
33:06 Wheelbarrow
海峡
0:31 Loom
9:42 Feudal Age
9:54 Champi Runner
10:24 Double-Bit Axe
11:45 Scale Mail Armor
12:30 Forging
15:31 Horse Collar
15:44 Gold Mining
19:42 Castle Age
19:50 Champi Warrior
20:36 Squires
25:56 Iron Casting
25:50 Arson
29:04 Chain Mail Armor
Connection lost

Rejoining the realm…

Still unreachable

The connection could not be restored.

Session expired

The server has moved on; the page needs a fresh start.